 Dungeon Crawl Stone Soup version 0.31-a0-455-g1a7b003ef0 (webtiles) character file.

Game seed: 6648528536450046993

49 Flugkiller the Changeling (level 3, 0/31 HPs)
             Began as a Deep Elf Shapeshifter on Aug 3, 2023.
             Succumbed to an orc's poison
             ... on level 3 of the Dungeon.
             The game lasted 00:01:41 (1416 turns).

Flugkiller the Changeling (Deep Elf Shapeshifter)   Turns: 1416, Time: 00:01:42

Health: 0/31       AC: 21    Str: 12    XL:     3   Next: 51%
Magic:  6/6        EV:  2    Int: 14    God:
Gold:   133        SH:  0    Dex: 15    Spells: 3/4 levels left

rFire   . . .        j - +2 dagger (venom)
rCold   . . .        (no shield)
rNeg    . . .        f - melded +0 ring mail
rPois   +            (helmet currently unavailable)
rElec   .            (cloak currently unavailable)
rCorr   .            (gloves currently unavailable)
SInv    .            (boots currently unavailable)
Will    .....        (no amulet)
Stlth   +            l - ring of flight
HPRegen 0.25/turn    (no ring)
MPRegen 0.10/turn

%: no passive effects
@: lethally poisoned (0 -> -20), tree-form
A: stationary, stasis, torment immunity, boosted hp
a: no special abilities


You were on level 3 of the Dungeon.
You were a tree.
You visited 1 branch of the dungeon, and saw 3 of its levels.

You collected 133 gold pieces.

Inventory:

Hand Weapons
 j - a +2 dagger of venom (weapon)
   (You took it off a kobold on level 1 of the Dungeon)
Armour
 d - a +0 pair of boots
   (You found it on level 1 of the Dungeon)
 f - a +0 ring mail (melded)
   (You found it on level 1 of the Dungeon)
 g - a +0 pair of gloves
   (You found it on level 1 of the Dungeon)
Jewellery
 l - a ring of flight (left branch)
   (You found it on level 2 of the Dungeon)
Talismans
 c - a beast talisman
Wands
 n - a wand of acid (10)
   (You found it on level 2 of the Dungeon)
Scrolls
 e - a scroll of identify {unknown}
 k - a scroll of immolation {unknown}
 o - a scroll of vulnerability {unknown}
 p - a scroll of enchant weapon {unknown}
 q - a scroll of brand weapon {unknown}
Potions
 a - a potion of haste {unknown}
 h - a potion of heal wounds {unknown}
 i - a potion of curing {unknown}
 m - a potion of brilliance {unknown}


   Skills:
 + Level 2.2 Fighting
 - Level 2.4 Dodging
 - Level 2.5 Unarmed Combat
 + Level 1.0 Spellcasting
 + Level 0.8 Ice Magic
 + Level 3.4 Shapeshifting


You had 3 spell levels left.
You knew the following spells:

 Your Spells              Type           Power      Damage    Failure   Level
a - Freeze                Ice            12%        1d3       19%         1

Your spell library contained the following spells:

 Spells                   Type           Power      Damage    Failure   Level
 Frozen Ramparts          Ice            6%         1d1       50%         3
 Hailstorm                Conj/Ice       1%         3d3       54%         3


Dungeon Overview and Level Annotations

Branches:
Dungeon (3/15) Zot: 16587

Altars:
Qazlal


Message History

There is a stone staircase leading up here.
Unknown command.
Found a stone staircase leading down.
You now have 133 gold pieces (gained 11).
Found a dagger.
You open the door.
There is an open door here.
You open the door.
There is an open door here.
As you open the door, it creaks loudly!
Found a stormy altar of Qazlal.
No target in view!
There is an open door here.
You open the door.
There is an open door here.
You open the door.
There is an open door here.
There is an open door here.
You open the door.
There is an open door here.
There is an open door here.
You open the door.
Found a pair of gloves.
You open the door. You open the door.
There is an open door here.
You open the door.
Found 5 large rocks.
Found an escape hatch in the floor.
There is an open door here.
A hobgoblin and a giant cockroach come into view.
Found a stone staircase leading down.
The hobgoblin shouts!
There is an open door here.
The giant cockroach barely misses you.
You hit the giant cockroach.
The giant cockroach is poisoned.
The giant cockroach is almost dead.
You kill the giant cockroach!
You hit the hobgoblin.
The hobgoblin is poisoned.
The hobgoblin is almost dead.
You kill the hobgoblin!
Your Spellcasting skill increases to level 1!
No target in view!
No target in view!
Okay, then.
You open the door.
There is an open door here.
You open the door.
There is an open door here.
An endoplasm comes into view.
The endoplasm quivers.
An endoplasm is nearby!
You hit the endoplasm but do no damage. The endoplasm freezes you.
You are frozen.
You hit the endoplasm.
The endoplasm is heavily wounded.
The endoplasm freezes you.
You are frozen.
You hit the endoplasm.
You kill the endoplasm!
No target in view!
You fly up into the air.
l - a ring of flight (left hand)
You start resting.
HP restored.
Okay, then.
Okay, then.
A dart slug and an orc come into view.
The orc is wielding a +2 dagger of venom.
The orc shouts!
You hear a shout!
An orc comes into view. It is wielding a +0 dagger.
An orc comes into view. It is wielding a +0 short sword.
There are monsters nearby!
There are monsters nearby!
The orc misses you. The orc attacks as you move away!
The orc hits you with a +2 dagger of venom.
The orc attacks as you move away!
The orc hits you with a +2 dagger of venom.
You are poisoned.
You feel very sick.
You feel sick.
You are too injured to fight recklessly!
You are too injured to fight recklessly!
You are too injured to fight recklessly!
You are too injured to fight recklessly!
You barely miss the orc.
You feel sick.
The orc hits you with a +2 dagger of venom.
You are lethally poisoned!
You hit the orc.
The orc is severely wounded.
* * * LOW HITPOINT WARNING * * *
You feel very sick.
The orc hits you with a +2 dagger of venom.
* * * LOW HITPOINT WARNING * * *
You are more poisoned.
Really quaff the potion of lignification?
Your transformation has ended.
You turn into a tree.
Your +0 ring mail melds into your body.
Your roots penetrate the ground.
You die...

.........# #.........
....##...####.#####..####
........................
...............####..####
.##.##...####...........#
.........# ########.##.#
....##...# #........#
.##.###..# #.###.####
...<###..# #♣# #.#
.........# #o# #.#
.##.####.#######w###.#
....# .##..........#
.#### .##....#.#######
.##....#.......#
.##....#.#######
.......#.# .......#.#


You could see a dart slug and an orc.

Vanquished Creatures
  An adder (D:2)
  A worm (D:2)
  6 endoplasms
  A giant cockroach (D:3)
  4 goblins
  6 hobgoblins
  2 jackals (D:1)
  2 ball pythons
  2 frilled lizards
  2 kobolds (D:1)
  4 rats
31 creatures vanquished.

Notes
Turn   | Place    | Note
-------+----------+-------------------------------------------
     0 | D:1      | Flugkiller the Deep Elf Shapeshifter began the quest for
                  | the Orb.
     0 | D:1      | Reached XP level 1. HP: 11/11 MP: 3/3
    38 | D:1      | Reached skill level 1 in Fighting
   154 | D:1      | Reached XP level 2. HP: 17/17 MP: 4/4
   859 | D:2      | Reached XP level 3. HP: 17/21 MP: 5/5
   894 | D:2      | Learned a level 1 spell: Freeze
  1283 | D:3      | Found a stormy altar of Qazlal.
  1334 | D:3      | Reached skill level 1 in Spellcasting
  1416 | D:3      | Succumbed to an orc's poison

Illustrated notes

Levels and vault maps discovered:
D:1:      minmay_arrival_four_circles, layout_basic
D:2:      layout_rooms
D:3:      layout_basic, mainiacjoe_overflow_24_doors

Skill      XL: |  1  2  3 |
---------------+----------+-----
Fighting       | 1 2 |  2.2
Spellcasting   | 1 |  1.0
Dodging        | |  2.4
Unarmed Combat | |  2.5
Ice Magic      | |  0.8
Shapeshifting  | |  3.4

Action                     || total
---------------------------++-------
  Melee: Unarmed           ||    55
         Dagger            ||    24
         Punch             ||     2
    Use: Potion            ||     1
 Armour: Ring mail         ||    17
         Animal skin       ||     1
  Dodge: Dodged            ||    28

Table legend: (Time is in decaauts)
 A = Elapsed time spent in this place.
 B = Non-inter-level travel time spent in this place.
 C = Inter-level travel time spent in this place.
 D = Time resting spent in this place.
 E = Time spent auto-exploring this place.
 F = Levels seen in this place.
 G = Mean time per level.
                   A        B        C        D        E       F      G
               +--------+--------+--------+--------+--------+-----+--------+
         Total |   1412 |   1392 |     20 |    204 |    891 |   3 |  470.7 |
       Dungeon |   1412 |   1392 |     20 |    204 |    891 |   3 |  470.7 |
               +--------+--------+--------+--------+--------+-----+--------+

Top non-repeatable levels by time:
     D:1: 831 daAuts
     D:2: 389 daAuts
     D:3: 191 daAuts
